 Dungeon Crawl Stone Soup version 0.29-a0-322-g68df515428 (webtiles) character file.

Game seed: 17060722463057966026

4 flyleaff the Sneak (level 1, 0/9 HPs)
             Began as a Vine Stalker Enchanter on Apr 7, 2022.
             Slain by a quokka (2 damage)
             ... on level 1 of the Dungeon.
             The game lasted 00:01:16 (161 turns).

flyleaff the Sneak (Vine Stalker Enchanter)          Turns: 161, Time: 00:01:16

Health: 0/9        AC:  2    Str: 10    XL:     1   Next: 70%
Magic:  0/4        EV: 12    Int: 15    God:
Gold:   98         SH:  0    Dex: 14    Spells: 4/4 levels left

rFire   . . .      SeeInvis .   a - +1 dagger
rCold   . . .      Faith    .   (no shield)
rNeg    . . .      Spirit   +   b - +0 robe
rPois   .          Reflect  .   (no helmet)
rElec   .          Harm     .   (no cloak)
rCorr   .          Rampage  .   (no gloves)
Will    .....                   (no boots)
Stlth   ++........              (no amulet)
HPRegen 0.03/turn               (no ring)
MPRegen 0.09/turn               (no ring)

@: no status effects
A: fangs 2, magic shield, antimagic bite, no potion heal 2
a: no special abilities


You were on level 1 of the Dungeon.
You visited 1 branch of the dungeon, and saw 1 of its levels.

You collected 98 gold pieces.

Inventory:

Hand Weapons
 a - a +1 dagger (weapon)
Armour
 b - a +0 robe (worn)
Potions
 c - 2 potions of invisibility
 d - a potion of degeneration {unknown}
 e - a potion of ambrosia {unknown}


   Skills:
 + Level 0.3 Fighting
 - Level 0.8(1.0) Short Blades
 * Level 0.5(0.9) Long Blades
 - Level 1.5 Dodging
 - Level 3.6 Stealth
 + Level 2.3 Spellcasting
 - Level 3.0 Hexes


You had 4 spell levels left.
You didn't know any spells.
Your spell library contained the following spells:

 Spells                   Type           Power      Damage    Failure   Level
 Ensorcelled Hibernation  Hex/Ice        12%        N/A       19%         2
 Confusing Touch          Hex            10%        N/A       19%         3
 Tukima's Dance           Hex            10%        N/A       19%         3
 Dazzling Flash           Conj/Hex       12%        N/A       34%         3


Dungeon Overview and Level Annotations

Branches:
Dungeon (1/15)

Altars:

Shops:
D:1 [


Innate Abilities, Weirdness & Mutations

You have extremely sharp teeth.
When hurt, damage is shared between your health and your magic reserves.
Your bite disrupts and absorbs the magic of your enemies.
Potions cannot restore your health.


Message History

You hit the goblin.
You kill the goblin!
No target in view!
Things that are here:
a +0 club; a goblin corpse
e - a green potion You open the large door.
Found Xeomeule's Antique Armour Emporium.
There is a large open door here.
You now have 24 gold pieces (gained 4).
You now have 38 gold pieces (gained 14).
You now have 52 gold pieces (gained 14).
There is a fountain of sparkling water here.
You now have 70 gold pieces (gained 18).
You now have 80 gold pieces (gained 10).
You now have 98 gold pieces (gained 18).
Found a robe.
A quokka comes into view.
There is an entrance to Xeomeule's Antique Armour Emporium here. 2 kobolds and a hobgoblin come into view.
Found a red potion.
The kobold shouts!
The hobgoblin shouts!
There is a large open door here.
There is a large open door here.
You closely miss the quokka. The quokka barely misses you.
You hit the quokka but do no damage. Your bite misses the quokka.
The quokka bites you. The quokka barely misses you.
You hit the quokka.
The quokka is severely wounded.
The quokka barely misses you.
You miss the quokka.
The quokka is severely wounded.
The quokka bites you.
* * * LOW HITPOINT WARNING * * *
The quokka closely misses you. The quokka attacks as you move away!
The quokka barely misses you. The quokka barely misses you.
The quokka twitches its whiskers.
The quokka attacks as you move away! The quokka bites you.
You die...

####### #### #.....#####...#
######### ######.........#...#
......... ....##.........#...#
......... ....++.............+
......>.. ....##.....g...K...#
......... ....''......###....#
........). .....#.....)# #.r..+
........... .....####...###.@..#
........... ..⌠.......†...#.....+
...........
..............#..#.##............
..............#..#..+............
#.............#..####............
####..........#..#...............
#..........#..#...............
#..........#..#...............
..............#.....#.........


You could see a quokka and a kobold.

Vanquished Creatures
  3 goblins (D:1)
  A rat (D:1)
4 creatures vanquished.

Notes
Turn   | Place    | Note
-------+----------+-------------------------------------------
     0 | D:1      | flyleaff the Vine Stalker Enchanter began the quest for the
                  | Orb.
     0 | D:1      | Reached XP level 1. HP: 9/9 MP: 4/4
   113 | D:1      | Found Xeomeule's Antique Armour Emporium.
   161 | D:1      | Slain by a quokka

Illustrated notes

Levels and vault maps discovered:
D:1:      dpeg_arrival_ratfight, layout_basic, serial_shops, shop,
          dreamdust_wishing_well, minmay_misc_feat_secret_circle

Action                   || total
-------------------------++-------
Melee: Dagger            ||     9
       Bite              ||     1
 Stab: Sleeping          ||     1
Armor: Robe              ||     1
Dodge: Dodged            ||     7

Table legend: (Time is in decaauts)
 A = Elapsed time spent in this place.
 B = Non-inter-level travel time spent in this place.
 C = Inter-level travel time spent in this place.
 D = Time resting spent in this place.
 E = Time spent auto-exploring this place.
 F = Levels seen in this place.
 G = Mean time per level.
                   A        B        C        D        E       F      G
               +--------+--------+--------+--------+--------+-----+--------+
         Total |    160 |    160 |      0 |      0 |    103 |   1 |  160.0 |
       Dungeon |    160 |    160 |      0 |      0 |    103 |   1 |  160.0 |
               +--------+--------+--------+--------+--------+-----+--------+

Top non-repeatable levels by time:
     D:1: 160 daAuts
